 Seeded DCSS version 0.31-a0-626-g8143ab4f1d (webtiles) character file.

Game seed: 1 (custom seed)

410 Kazon the Chopper (level 7, 0/5 HPs)
             Began as a Human Fighter on Aug 24, 2023.
             Was a Believer of Makhleb.
             Slain by a hound (1 damage)
             ... on level 4 of the Dungeon.
             The game lasted 00:15:38 (2370 turns).

Kazon the Chopper (Human Fighter)                   Turns: 2370, Time: 00:15:39

Health: 0/5        AC:  2    Str: 18    XL:     7   Next: 13%
Magic:  9/9        EV: 11    Int:  8    God:    Makhleb [**....]
Gold:   164        SH:  5    Dex: 13    Spells: 6/6 levels left

rFire   . . .        j - +4 dagger (drain)
rCold   . . .        c - +0 buckler
rNeg    . . .        b - melded +0 scale mail
rPois   .            h - +1 hat
rElec   .            l - +0 cloak
rCorr   .            (no gloves)
SInv    .            (no boots)
Will    .....        (no amulet)
Stlth   +            (no ring)
HPRegen 0.20/turn    (no ring)
MPRegen 0.11/turn

%: no passive effects
@: maw-form
A: devouring maw, reduced hp
a: Begin Untransformation, Renounce Religion, Minor Destruction


You were on level 4 of the Dungeon.
You worshipped Makhleb.
Makhleb was pleased with you.
You were a creature with a mouth for a stomach.
You visited 1 branch of the dungeon, and saw 4 of its levels.

You collected 164 gold pieces.

Inventory:

Hand Weapons
 a - a +1 war axe
 f - a +3 dagger of speed
 j - a +4 dagger of draining (weapon)
 k - a +4 quarterstaff of chaos
Missiles
 e - 22 stones
 g - 10 poisoned darts
 r - 2 curare-tipped darts
Armour
 b - a +0 scale mail (melded)
 c - a +0 buckler (worn)
 h - a +1 hat (worn)
 l - a +0 cloak (worn)
Talismans
 v - a maw talisman (active)
Scrolls
 o - a scroll of revelation
 p - 2 scrolls of teleportation
 s - a scroll of immolation
 x - a scroll of fear {unknown}
 y - a scroll of identify
Potions
 d - a potion of might
 i - a potion of mutation
 m - a potion of attraction {unknown}
 n - a potion of haste {unknown}
 q - a potion of enlightenment {unknown}
 t - a potion of resistance {unknown}
 u - a potion of heal wounds {unknown}
 w - 2 potions of magic {unknown}


   Skills:
 + Level 3.7 Fighting
 + Level 2.5 Short Blades
 + Level 4.0 Axes
 + Level 0.6 Throwing
 + Level 3.6 Armour
 + Level 1.4 Dodging
 + Level 0.2 Stealth
 + Level 3.6 Shields
 * Level 2.7 Invocations


You had 6 spell levels left.
You didn't know any spells.
Your spell library contained the following spells:

 Spells                   Type           Power      Damage    Failure   Level
 Apportation              Tloc           0%         N/A       50%         1
 Alistair's Intoxication  Tmut/Pois      0%         N/A       100%        5


Dungeon Overview and Level Annotations

Branches:
Dungeon (4/15)
 Temple: D:4-7

Altars:
Hepliaklqana
Makhleb
Yredelemnul


Message History

You turn into a creature with a mouth for a stomach.
Your +0 scale mail melds into your body.
You hit the orc. You drain the orc.
You devour the orc!
You feel better.
You kill the orc!
Makhleb accepts your kill.
Things that are here:
a +0 hand axe; a +0 leather armour
Found a scroll labelled BYUMIA JERACOU.
Found 15 gold pieces.
x - a scroll labelled BYUMIA JERACOU
Found a scroll of identify.
You now have 164 gold pieces (gained 15).
y - a scroll of identify A hobgoblin comes into view.
The hobgoblin shouts!
Aiming: Minor Destruction (7% risk of failure)
Press: ? - help, Q - select action, (/) - cycle Shift-Dir - straight line, f - hobgoblin
Aim: a hobgoblin The zap hits the hobgoblin.
The hobgoblin is moderately wounded.
Unknown command.
You closely miss the hobgoblin. Your bite misses the hobgoblin.
The hobgoblin is moderately wounded.
The hobgoblin barely misses you.
You closely miss the hobgoblin. You bite the hobgoblin.
The hobgoblin is heavily wounded.
The hobgoblin misses you.
You hit the hobgoblin.
You devour the hobgoblin!
You feel better.
You kill the hobgoblin!
Makhleb accepts your kill.
p - 2 scrolls of teleportation (gained 1)
A hound comes into view.
Found a sling.
The hound barks!
You closely miss the hound. You bite the hound, but do no damage.
The hound bites you.
Ouch! That really hurt!
* * * LOW HITPOINT WARNING * * *
The hound bites you.
You die...

.........##...#.####...
.........###.....# ..
...........##....# #
............#....#
.................#
..............####
...............#
#......###..# ##..W..#
#.## ......h...# ###
..)........#
#.........##
##.....#### ##...# ##..
#..


You could see a hound.

Vanquished Creatures
  Sigmund (D:2)
  Crazy Yiuf (D:2)
  3 gnolls (D:3)
  9 adders
  2 worms
  3 dart slugs
  2 orcs
  9 ball pythons
  11 bats
  5 endoplasms
  3 giant cockroaches
  6 goblins
  8 hobgoblins
  6 jackals
  4 quokkas
  2 frilled lizards
  6 kobolds
  4 rats
85 creatures vanquished.

Notes
Turn   | Place    | Note
-------+----------+-------------------------------------------
     0 | D:1      | Kazon the Human Fighter began the quest for the Orb.
     0 | D:1      | Reached XP level 1. HP: 18/18 MP: 1/1
    95 | D:1      | Reached XP level 2. HP: 23/24 MP: 2/2
   363 | D:1      | Reached XP level 3. HP: 29/29 MP: 3/3
   400 | D:1      | You fall into a shaft and drop 1 floor!
   594 | D:1      | Reached skill level 1 in Dodging
   622 | D:1      | Reached XP level 4. HP: 35/35 MP: 4/4
   647 | D:1      | Found a faded altar of an unknown god.
   661 | D:1      | Prayed at the altar of an unknown god.
   661 | D:1      | Became a worshipper of Makhleb the Destroyer
   661 | D:1      | Reached * piety under Makhleb
   876 | D:2      | Reached skill level 3 in Axes
   915 | D:2      | Noticed Sigmund
   925 | D:2      | Killed Sigmund
   926 | D:2      | Reached skill level 1 in Short Blades
   926 | D:2      | Reached skill level 1 in Invocations
   926 | D:2      | Reached XP level 5. HP: 16/41 MP: 4/6
   926 | D:2      | Reached XP level 6. HP: 18/47 MP: 4/7
   938 | D:2      | Found a basalt altar of Yredelemnul.
  1540 | D:2      | Found a runed translucent door.
  1541 | D:2      | Noticed Crazy Yiuf
  1550 | D:2      | Killed Crazy Yiuf
  1733 | D:3      | Reached skill level 4 in Axes
  1821 | D:3      | Reached XP level 7. HP: 53/53 MP: 8/8
  1829 | D:3      | Reached ** piety under Makhleb
  2184 | D:4      | Found a hazy altar of Hepliaklqana.
  2370 | D:4      | Slain by a hound

Illustrated notes

Levels and vault maps discovered:
D:1:      zelgadis_glass_arrival_small, layout_basic,
          hellmonk_ecumenical_altar_prayer_group,
          chequers_serial_rivers_micro_e, minmay_3d_cube
D:2:      layout_loops_cross, basic_altar, hangedman_feature_mirror,
          dreamdust_princess_corridor, uniq_sigmund, uniq_crazy_yiuf_cottage
D:3:      layout_basic, kennysheep_boxes
D:4:      layout_cave_pools, overflow_temple_1_default, grunt_decor_cap,
          nicolae_twisty_statue_hallways

Skill      XL: |  1  2  3  4  5  6 |
---------------+-------------------+-----
Dodging        | 1 |  1.4
Axes           | 3 4 |  4.0
Short Blades   | 1 2 |  2.5
Invocations    | 1 2 |  2.7
Fighting       | |  3.7
Throwing       | |  0.6
Armour         | |  3.6
Stealth        | |  0.2
Shields        | |  3.6

Action                     |  1- 3 |  4- 6 |  7- 9 || total
---------------------------+-------+-------+-------++-------
  Melee: War axe           |    52 |    26 |    12 ||    90
         Dagger            |    48 |    87 |    33 ||   168
         Maw               |       |       |     2 ||     2
  Throw: Stone             |     7 |     3 |     7 ||    17
 Invoke: Minor Destruction |       |       |     6 ||     6
    Use: Scroll            |     3 |     1 |     2 ||     6
 Armour: Scale mail        |    56 |    32 |    20 ||   108
  Dodge: Dodged            |    53 |    38 |    17 ||   108
  Block: Buckler           |    25 |    31 |     5 ||    61
   Form: Maw               |       |       |     1 ||     1

Table legend: (Time is in decaauts)
 A = Elapsed time spent in this place.
 B = Non-inter-level travel time spent in this place.
 C = Inter-level travel time spent in this place.
 D = Time resting spent in this place.
 E = Time spent auto-exploring this place.
 F = Levels seen in this place.
 G = Mean time per level.
                   A        B        C        D        E       F      G
               +--------+--------+--------+--------+--------+-----+--------+
         Total |   2375 |   2288 |     87 |      0 |    695 |   4 |  593.8 |
       Dungeon |   2375 |   2288 |     87 |      0 |    695 |   4 |  593.8 |
               +--------+--------+--------+--------+--------+-----+--------+

Top non-repeatable levels by time:
     D:1: 816 daAuts
     D:2: 777 daAuts
     D:3: 567 daAuts
     D:4: 214 daAuts
